AoeStats
← opalmab30

MegaRandom

509035103Analyzed
4v4 RM · 8d ago on Sep 25, 2026· 43m 19s· 8 players
Game mode
Random Map
Map size
Large (8 player)
Population
200
Speed
Normal
Resources
Standard
Victory
Conquest
Starting age
Dark Age
Ending age
Imperial Age
RankedLock teamsTeams togetherTeam positionsShared explorationLock speedFull tech treeHidden civsTurbo modeCheats
Victory
Defeat
🇨🇳 Vikings · China
1311
+10
🇦🇺 Tatars · Australia
1220
+14
🇨🇱 Franks · Chile
1135
+17
🇧🇷 Varangians · Brazil
1085
+20
🇨🇴 Spanish · Colombia
1209
-17
🇺🇸 Britons · United States
1206
-16
🇲🇽 Danes · Mexico
1187
-16
🇦🇷 Portuguese · Argentina
1085
-12
Schalamax1
0:59 Loom
12:03 Feudal Age
12:45 Double-Bit Axe
13:52 Gold Mining
14:27 Fishing Lines
17:52 Castle Age
17:34 Forging
18:42 Wheelbarrow
18:49 Gillnets
19:36 Bow Saw
19:43 Medium Warships
21:16 Iron Casting
23:56 Arson
24:08 Fletching
25:47 Bodkin Arrow
34:24 Ballistics
36:30 Horse Collar
37:14 Clinker Construction
37:14 Careening
41:01 Imperial Age
39:00 Hand Cart
39:27 Scale Mail Armor
lotus!
12:02 Feudal Age
15:39 Castle Age
13:50 Double-Bit Axe
13:55 Horse Collar
14:45 Stone Mining
15:31 Loom
17:12 Bow Saw
17:08 Fletching
18:08 Bodkin Arrow
19:56 Gold Mining
22:04 Ballistics
21:58 Padded Archer Armor
24:10 Leather Archer Armor
31:18 Wheelbarrow
30:51 Heavy Plow
33:18 Gold Shaft Mining
33:16 Hand Cart
36:58 Imperial Age
35:21 Yeomen
35:40 Town Watch
37:01 Elite Longbowman
37:53 Bracer
38:32 Conscription
39:00 Ring Archer Armor
40:29 Chemistry
40:12 Siege Engineers
40:49 Forging
41:46 Warwolf
42:31 Husbandry
41:52 Light Cavalry
43:13 Iron Casting
43:11 Murder Holes
Kestrel
5:47 Loom
11:19 Feudal Age
12:09 Double-Bit Axe
15:53 Fishing Lines
22:34 Castle Age
21:41 Stone Mining
21:43 Gold Mining
22:46 Fletching
23:01 Scale Barding Armor
27:48 Husbandry
27:59 Bloodlines
28:12 Chain Barding Armor
28:56 Bodkin Arrow
29:17 Padded Archer Armor
31:19 Stone Shaft Mining
34:04 Imperial Age
32:25 Wheelbarrow
32:38 Medium Warships
32:24 Gillnets
32:51 Masonry
33:50 Ballistics
33:38 Siphons
36:29 Chemistry
37:45 Plate Barding Armor
37:11 Bracer
37:26 Leather Archer Armor
36:50 Elite Conquistador
38:20 Conscription
38:36 Hoardings
39:59 Ring Archer Armor
40:53 Squires
41:17 Scale Mail Armor
41:28 Forging
42:25 Chain Mail Armor
41:53 Pikeman
41:54 Man-at-Arms
42:20 Arson
CapitanMOTA
6:31 Loom
HomiDoMato
5:32 Loom
12:19 Feudal Age
16:30 Castle Age
14:18 Horse Collar
14:24 Double-Bit Axe
15:26 Stone Mining
16:25 Gold Mining
17:41 Heavy Plow
18:02 Bow Saw
24:44 Fervor
24:29 Fletching
27:00 Fishing Lines
32:03 Imperial Age
30:09 Wheelbarrow
29:22 Town Watch
30:05 Scale Barding Armor
30:28 Bodkin Arrow
30:30 Gillnets
32:11 Hand Cart
32:23 Chain Barding Armor
32:16 Forging
33:06 Conscription
33:52 Bracer
35:55 Plate Barding Armor
35:57 Iron Casting
34:46 Elite Jarl
37:00 Chemistry
36:15 Elite Longship
38:37 Ballistics
39:39 Careening
39:41 Clinker Construction
39:52 Masonry
39:07 Vendel Legacy
40:02 Bloodlines
39:53 Husbandry
40:56 Blast Furnace
39:21 Gothikon
41:25 Scale Mail Armor
Lappers
4:15 Loom
12:52 Feudal Age
16:59 Castle Age
14:58 Double-Bit Axe
15:08 Fishing Lines
17:02 Light Cavalry
21:11 Fletching
21:28 Gillnets
23:36 Bodkin Arrow
24:39 Padded Archer Armor
24:42 Husbandry
26:01 Bloodlines
26:26 Horse Collar
28:25 Silk Armor
28:24 Gold Mining
30:49 Bow Saw
31:57 Ballistics
31:57 Scale Barding Armor
37:09 Imperial Age
36:26 Wheelbarrow
36:27 Leather Archer Armor
38:34 Bracer
40:47 Chemistry
39:28 Treadmill Crane
39:44 Heavy Cavalry Archer
42:32 Ring Archer Armor
43:56 Conscription
my teammate can 1v2
5:30 Loom
11:30 Feudal Age
12:04 Double-Bit Axe
12:04 Fishing Lines
16:44 Castle Age
16:57 Scale Mail Armor
17:07 Forging
17:42 Bow Saw
18:33 Gillnets
21:26 Gold Mining
21:58 Horse Collar
22:42 Clinker Construction
23:08 Heavy Plow
25:57 Fletching
26:33 Ballistics
31:16 Bodkin Arrow
31:22 Padded Archer Armor
32:02 Gold Shaft Mining
31:50 Squires
34:29 Imperial Age
33:07 Stone Mining
35:08 Arson
34:47 Elite Varangian Guard
35:44 Chain Mail Armor
36:04 Iron Casting
35:41 Capped Ram
38:02 Plate Mail Armor
38:39 Arson
39:06 Siege Ram
opalmab30
7:19 Loom
13:05 Feudal Age
17:49 Castle Age
16:01 Double-Bit Axe
16:00 Fishing Lines
16:46 Stone Mining
18:13 Wheelbarrow
21:17 Town Watch
27:53 Bow Saw
28:51 Hand Cart
33:13 Imperial Age
31:22 Forging
31:19 Scale Barding Armor
31:45 Gillnets
32:05 Town Patrol
33:41 Husbandry
33:22 Cavalier
34:59 Iron Casting
35:07 Paladin
37:20 Chivalry
38:52 Blast Furnace
38:13 Chain Barding Armor
41:12 Fletching
41:27 Gold Mining
Connection lost

Rejoining the realm…

Still unreachable

The connection could not be restored.

Session expired

The server has moved on; the page needs a fresh start.